 Dungeon Crawl Stone Soup version 0.29-a0-824-gd827844252 (webtiles) character file.

Game seed: 9450851054672168452

356 indigestion the Firebug (level 6, 0/36 HPs)
             Began as an Octopode Fire Elementalist on July 10, 2022.
             Succumbed to a scorpion's poison
             ... on level 4 of the Dungeon.
             The game lasted 00:08:49 (3934 turns).

indigestion the Firebug (OpFE)                      Turns: 3934, Time: 00:08:49

Health: 0/36       AC:  1    Str:  7    XL:     6   Next: 63%
Magic:  6/11       EV: 14    Int: 19    God:
Gold:   216        SH:  5    Dex: 19    Spells: 4/11 levels left

rFire   . . .      SeeInvis .   j - +2 dagger (holy)
rCold   . . .      Faith    .   (no shield)
rNeg    + . .      Spirit   .   (helmet restricted)
rPois   .          Reflect  +   s - amulet of reflection
rElec   .          Harm     .   i - +6 ring of dexterity
rCorr   .          Rampage  .   q - ring of positive energy
Will    .....                   (no ring)
Stlth   ++++......              (no ring)
HPRegen 0.12/turn               (no ring)
MPRegen 0.12/turn               (no ring)
                                (no ring)
                                (no ring)

@: mighty, lethally poisoned (0 -> -9), very slightly contaminated
A: almost no armour, amphibious, 8 rings, camouflage 1, gelatinous body 1,
(nimble swimmer 1), tentacles
a: no special abilities


You were on level 4 of the Dungeon.
You visited 1 branch of the dungeon, and saw 4 of its levels.

You collected 216 gold pieces.

Inventory:

Hand Weapons
 j - a +2 dagger of holy wrath (weapon)
Jewellery
 i - a +6 ring of dexterity (left tentacle)
 q - a ring of positive energy (right tentacle)
 r - an amulet of regeneration
 s - an amulet of reflection (around mantle)
Wands
 p - a wand of digging (4)
Scrolls
 b - 3 scrolls of summoning
 c - a scroll of poison {unknown}
 d - a scroll of vulnerability {unknown}
 f - a scroll of enchant weapon {unknown}
 g - 3 scrolls of enchant armour {unknown}
 l - a scroll of amnesia {unknown}
 m - 2 scrolls of fear {unknown}
 n - 4 scrolls of identify {unknown}
Potions
 a - a potion of magic
 e - 2 potions of attraction {unknown}
 h - a potion of haste {unknown}
 k - a potion of curing {unknown}
 o - a potion of might


   Skills:
 - Level 2.5 Dodging
 - Level 3.5 Stealth
 + Level 3.4 Spellcasting
 + Level 3.1 Conjurations
 + Level 2.3 Hexes
 + Level 4.3 Fire Magic


You had 4 spell levels left.
You knew the following spells:

 Your Spells              Type           Power      Damage    Failure   Level
a - Foxfire               Conj/Fire      68%        2x1d7     3%          1
b - Scorch                Fire           38%        2d6       3%          2
c - Inner Flame           Hex/Fire       15%        N/A       11%         3
d - Necrotise             Necr           12%        1d4       14%         1

Your spell library contained the following spells:

 Spells                   Type           Power      Damage    Failure   Level
 Conjure Flame            Conj/Fire      17%        6-21      10%         3
 Flame Wave               Conj/Fire      17%        2d6       30%         4
 Gell's Gravitas          Tloc           3%         N/A       41%         3
 Lesser Beckoning         Tloc           3%         N/A       41%         3
 Teleport Other           Tloc           3%         N/A       41%         3
 Vampiric Draining        Necr           3%         2d6       41%         3
 Agony                    Necr           3%         N/A       99%         5
 Dispersal                Tloc           1%         N/A       100%        6


Dungeon Overview and Level Annotations

Branches:
Dungeon (4/15)
 Temple: D:4-7

Altars:
Okawaru
Wu Jian

Annotations:
D:3 3 runed translucent doors, Lemondrips's ghost, amateur KoHu


Innate Abilities, Weirdness & Mutations

You cannot wear most types of armour.
You are amphibious.
You can wear up to eight rings at the same time.
Your skin changes colour to match your surroundings (Stealth+).
Your rubbery body absorbs attacks. (AC +1, EV +1)
((You are camouflaged when in or above water. (Stealth+)))
You have tentacles for arms and can constrict up to eight enemies at once.


Message History

Casting: Foxfire (safe; 3% risk of failure)
Confirm with . or Enter, or press ? or * to list all spells.
Flames lash the scorpion.
The scorpion is severely wounded.
The scorpion's fire resistance burns away.
You feel sick. The scorpion stings you.
Casting: Scorch (safe; 4% risk of failure)
Confirm with . or Enter, or press ? or * to list all spells.
You conjure some foxfire!
You feel sick. The scorpion closely misses you.
You closely miss the scorpion. Your grab misses the scorpion.
The scorpion is severely wounded.
You feel sick.
The foxfire hits the scorpion.
The scorpion is burned terribly!
The scorpion is almost dead.
The scorpion closely misses you.
Casting: Foxfire (safe; 3% risk of failure)
Confirm with . or Enter, or press ? or * to list all spells.
You miscast Foxfire.
You are very lightly contaminated with residual magic.
Nothing appears to happen.
You feel sick.
The scorpion is no longer more vulnerable to fire.
The scorpion stings you.
You are lethally poisoned!
The scorpion poisons you! The scorpion stings you.
* * * LOW HITPOINT WARNING * * *
Casting: Foxfire (safe; 3% risk of failure)
Confirm with . or Enter, or press ? or * to list all spells.
You conjure some foxfire!
* * * LOW HITPOINT WARNING * * *
You feel very sick. The scorpion closely misses you.
You hit the scorpion. You grab the scorpion.
The scorpion is almost dead.
You constrict the scorpion, but do no damage.
* * * LOW HITPOINT WARNING * * *
You feel very sick.
The foxfire hits the scorpion!
You kill the scorpion!
It was a potion of might.
You feel very mighty all of a sudden.
You die...

##....#####.##.##.#
..........#.##....#
..........#.####..#
..........#.####..#
..........#.......#
..........######.##
......##### #.#
....#.# #####.#
..#.#.# #...†@#
#.#.#.# #.#####
....... ... ..###.#
##.. ### .# #.. .
... ##.# #.


There were no monsters in sight!

Vanquished Creatures
  An ice beast (D:3)
  A scorpion (D:4)
  An orc priest (D:4)
  2 jellies (D:4)
  4 gnolls (D:3)
  A worm (D:3)
  A dart slug (D:1)
  4 orcs
  2 endoplasms (D:1)
  4 giant cockroaches
  6 goblins
  3 hobgoblins
  3 jackals (D:1)
  8 ball pythons
  5 bats
  A frilled lizard (D:2)
  A kobold (D:2)
  5 rats
53 creatures vanquished.

Vanquished Creatures (collateral kills)
  Terence (D:2)
1 creature vanquished.

Vanquished Creatures (others)
  105 foxfires
105 creatures vanquished.

Grand Total: 159 creatures vanquished

Notes
Turn   | Place    | Note
-------+----------+-------------------------------------------
     0 | D:1      | indigestion the Octopode Fire Elementalist began the quest
                  | for the Orb.
     0 | D:1      | Reached XP level 1. HP: 11/11 MP: 3/3
   448 | D:1      | Reached XP level 2. HP: 16/17 MP: 3/5
   492 | D:1      | Found a faded altar of an unknown god.
  1221 | D:1      | Reached XP level 3. HP: 20/21 MP: 6/6
  2124 | D:2      | Noticed Terence
  2129 | D:2      | Learned a level 2 spell: Scorch
  2133 | D:2      | Learned a level 3 spell: Inner Flame
  2150 | D:2      | Killed Terence
  2151 | D:2      | Reached XP level 4. HP: 27/27 MP: 7/7
  2461 | D:3      | Found a runed translucent gate.
  2461 | D:3      | Found a runed translucent gate.
  2465 | D:3      | Found a runed translucent gate.
  2475 | D:3      | Noticed Lemondrips's ghost (amateur KoHu)
  2512 | D:3      | Noticed an ice beast
  2663 | D:3      | Found an ornate altar of the Wu Jian Council.
  2672 | D:3      | Found an iron altar of Okawaru.
  3102 | D:3      | Learned a level 1 spell: Necrotise
  3250 | D:3      | Killed an ice beast
  3251 | D:3      | Reached skill level 1 in Hexes
  3251 | D:3      | Reached XP level 5. HP: 4/31 MP: 3/9
  3694 | D:4      | Reached skill level 4 in Fire Magic
  3694 | D:4      | Reached XP level 6. HP: 36/36 MP: 6/10
  3934 | D:4      | Succumbed to a scorpion's poison

Illustrated notes

Levels and vault maps discovered:
D:1:      dpeg_arrival_triangle_fractal, layout_loops_cross,
          basic_ecumenical_altar, chequers_serial_rivers_room_b, minivault_27
D:2:      layout_loops_ring, grunt_ministairs_15, uniq_terence
D:3:      layout_loops_corners, mainiacjoe_overflow_large_starburst,
          gammafunk_ghost_necromancy, serial_undead, serial_undead_d,
          serial_undead_e, serial_undead_b, serial_undead_b
D:4:      minmay_wonky_spiral, layout_loops_cross, minmay_manual_mess

Skill      XL: |  1  2  3  4  5  6 |
---------------+-------------------+-----
Stealth        | 3 |  3.5
Conjurations   | 2 3 |  3.1
Spellcasting   | 3 |  3.4
Hexes          | 1 2 |  2.3
Fire Magic     | 4 |  4.3
Dodging        | |  2.5

Action                   |  1- 3 |  4- 6 || total
-------------------------+-------+-------++-------
Melee: Unarmed           |    39 |       ||    39
       Constrict         |    15 |     3 ||    18
       Tentacles         |    12 |     4 ||    16
       Punch             |     1 |     1 ||     2
       Dagger            |     9 |    15 ||    24
 Cast: Foxfire           |    27 |    36 ||    63
       Scorch            |       |     6 ||     6
  Use: Scroll            |     1 |       ||     1
       Potion            |       |     1 ||     1
 Stab: Sleeping          |     7 |     4 ||    11
Armor: Skin              |     1 |     1 ||     2
Dodge: Dodged            |    26 |    15 ||    41
Block: Other             |       |     1 ||     1

Table legend: (Time is in decaauts)
 A = Elapsed time spent in this place.
 B = Non-inter-level travel time spent in this place.
 C = Inter-level travel time spent in this place.
 D = Time resting spent in this place.
 E = Time spent auto-exploring this place.
 F = Levels seen in this place.
 G = Mean time per level.
                   A        B        C        D        E       F      G
               +--------+--------+--------+--------+--------+-----+--------+
         Total |   3931 |   3851 |     80 |   1058 |   2184 |   4 |  982.8 |
       Dungeon |   3931 |   3851 |     80 |   1058 |   2184 |   4 |  982.8 |
               +--------+--------+--------+--------+--------+-----+--------+

Top non-repeatable levels by time:
     D:3: 1332 daAuts
     D:1: 1308 daAuts
     D:2: 970 daAuts
     D:4: 320 daAuts
